 Dungeon Crawl Stone Soup version 0.25-a0-435-g4b9beb1024 (webtiles) character file.

Game seed: 1727798156731314048, levelgen mode: classic

28 EnegeticOcto the Chopper (level 3, 0/34 HPs)
             Began as a Deep Dwarf Berserker on Jan 28, 2020.
             Was a Follower of Trog.
             Killed by divine providence
             ... invoked by an orc priest
              (13 damage)
             ... on level 3 of the Dungeon.
             The game lasted 00:01:18 (162 turns).

EnegeticOcto the Chopper (Deep Dwarf Berserker)      Turns: 162, Time: 00:01:18

Health: 0/34       AC:  5    Str: 21    XL:     3   Next: 0%
Magic:  3/3        EV: 11    Int:  7    God:    Trog [*.....]
Gold:   46         SH:  0    Dex: 12    Spells: 2/2 levels left

rFire    . . .     SeeInvis .   a - +0 hand axe
rCold    . . .     Gourm    .   (no shield)
rNeg     . . .     Faith    .   d - +0 ring mail
rPois    .         Spirit   .   (no helmet)
rElec    .         Reflect  .   (no cloak)
rCorr    .         Harm     .   (no gloves)
MR       .....                  (no boots)
Stlth    +.........             (no amulet)
HPRegen  0.00/turn              (no ring)
MPRegen  0.08/turn              (no ring)

@: berserk cooldown, non-regenerating
A: damage resistance, heal wounds, sense surroundings 1, no regeneration
a: Heal Wounds, Berserk, Renounce Religion


You were on level 3 of the Dungeon.
You worshipped Trog.
Trog was aware of your devotion.
You were not hungry.

You visited 1 branch of the dungeon, and saw 3 of its levels.

You collected 46 gold pieces.

Inventory:

Hand Weapons
 a - a +0 hand axe (weapon)
Armour
 b - a +0 animal skin
 d - a +0 ring mail (worn)
Scrolls
 c - a scroll of noise {unknown}
Comestibles
 e - a ration
 f - 3 chunks of flesh


   Skills:
 + Level 3.1 Fighting
 * Level 4.2 Axes
 - Level 2.1 Armour
 - Level 2.1 Dodging


You had 2 spell levels left.
You didn't know any spells.
Your spell library was empty.

Dungeon Overview and Level Annotations

Branches:
Dungeon (3/15)

Altars:


Innate Abilities, Weirdness & Mutations

You are resistant to damage.
You can heal yourself by infusing magical energy.
You passively map a small area around you.
You do not regenerate.


Message History

The kobold closely misses you.
You barely miss the bat. You slash the kobold!
You kill the kobold!
Trog accepts your kill. The bat hits you but does no damage.
The bat hits you but does no damage. The bat misses you.
Found a stone staircase leading down.
You see here a jackal corpse.
You feel a strong urge to attack something.
The bat hits you but does no damage. The bat closely misses you.
You closely miss the bat. The bat hits you but does no damage.
The bat closely misses you.
You slash the bat!
You kill the bat!
Trog accepts your kill.
No target in view!
You are no longer berserk.
You are exhausted.
You feel yourself slow down.
You see here a jackal corpse.
You butcher the jackal corpse.
f - 3 chunks of flesh You see here a jackal skeleton.
There is a stone staircase leading down here.
You climb downwards.
Found 19 gold pieces.
There is a stone staircase leading up here.
An orc and an orc priest come into view.
The orc priest shouts!
The orc shouts!
An orc comes into view.
Found a quarterstaff and a pink potion.
Found a stone staircase leading down.
An orc comes into view.
The orc priest calls down the wrath of Beogh upon you.
Beogh smites you!
The orc shouts!
You feel much better.
The orc priest hits you but does no damage.
You slash the orc priest!
The orc priest is heavily wounded.
You hit the orc but do no damage. The orc closely misses you.
The orc priest hits you but does no damage.
The orc hits you but does no damage.
You hit the orc priest.
The orc priest is severely wounded.
You hit the orc but do no damage.
The orc priest looks encouraged for a moment.
The orc closely misses you.
You closely miss the orc. x2; The orc hits you but does no damage.
The orc closely misses you. The orc hits you but does no damage.
You hit the orc.
The orc is lightly wounded.
You closely miss the orc. The orc hits you but does no damage. x2
The orc misses you.
You hit the orc.
The orc is severely wounded.
You hit the orc. The orc hits you but does no damage.
The orc barely misses you. The orc hits you with a +0 falchion.
You closely miss the orc.
The orc is severely wounded.
You hit the orc. The orc hits you. The orc hits you with a +0 falchion.
The orc barely misses you.
You completely miss the orc.
The orc is severely wounded.
You hit the orc. The orc misses you. The orc hits you but does no damage.
The orc completely misses you.
You hit the orc but do no damage.
The orc is severely wounded.
You hit the orc but do no damage. The orc barely misses you.
The orc hits you but does no damage. The orc closely misses you.
You hit the orc.
You kill the orc!
Trog accepts your kill.
You have reached level 3!
Your experience leads to an increase in your attributes!
Increase (S)trength, (I)ntelligence, or (D)exterity?
You feel stronger.
You closely miss the orc. The orc hits you but does no damage.
The orc priest hits you but does no damage.
The orc hits you with a +0 falchion.
You hit the orc priest.
The orc priest is severely wounded.
You closely miss the orc.
The orc priest hits you but does no damage.
The orc closely misses you.
The orc priest mumbles some strange prayers to Beogh against you.
Beogh smites you!
You hit the orc priest.
The orc priest is severely wounded.
You closely miss the orc. The orc closely misses you.
The orc hits you with a +0 falchion.
You hit the orc priest but do no damage.
The orc priest is severely wounded.
You closely miss the orc.
You feel yourself speed up.
The orc priest hits you but does no damage.
The orc hits you but does no damage.
The orc priest mumbles some strange prayers to Beogh against you.
Beogh smites you!
You die...

*** , * * #####*
, * #####...,
#......########
#$.....<.......
*##.....o########
........@o)...>.
#######.#o...!..,
* #.######.#* #..
,,, ###* * * * *
, , ,* * *


You could see an orc priest and 2 orcs.

Vanquished Creatures
  An adder (D:2)
  A worm (D:2)
  A dart slug (D:2)
  An orc (D:3)
  2 bats (D:2)
  A giant cockroach (D:1)
  A goblin (D:2)
  A hobgoblin (D:1)
  2 jackals (D:2)
  A kobold (D:2)
  A frilled lizard (D:2)
13 creatures vanquished.

Notes
Turn   | Place    | Note
-------+----------+-------------------------------------------
     0 | D:1      | EnegeticOcto the Deep Dwarf Berserker began the quest for
                  | the Orb.
     0 | D:1      | Reached XP level 1. HP: 20/20 MP: 1/1
    59 | D:2      | Reached XP level 2. HP: 27/27 MP: 2/2
   126 | D:2      | Reached skill level 4 in Axes
   159 | D:3      | Reached XP level 3. HP: 27/34 MP: 3/3
   162 | D:3      | Killed from afar by an orc priest

Levels and vault maps discovered:
D:1:      kennysheep_arrival_seaside, layout_rooms, minmay_three_crescents
D:2:      layout_basic, uniq_natasha
D:3:      layout_basic

Skill      XL: |  1  2 |
---------------+-------+-----
Fighting       | 3 |  3.1
Axes           | 4 |  4.2
Armour         | |  2.1
Dodging        | |  2.1

Action                   || total
-------------------------++-------
Melee: Hand axe          ||    33
Invok: Berserk           ||     2
 Abil: Heal Wounds       ||     1
 Stab: Sleeping          ||     1
Armor: Animal skin       ||     2
       Ring mail         ||    29
Dodge: Dodged            ||    36

Table legend:
 A = Non-vault XP
 B = Vault XP
 C = Vault XP percentage of total XP
 D = Non-vault monster count
 E = Vault monster count
 F = Vault count percentage of total count
                 A         B        C        D         E       F
            +---------+---------+-------+---------+---------+-------
      Total |      41 |       0 |   0.0 |      13 |       0 |   0.0
            +---------+---------+-------+---------+---------+-------
        D:1 |       4 |       0 |   0.0 |       2 |       0 |   0.0
        D:2 |      34 |       0 |   0.0 |      10 |       0 |   0.0
        D:3 |       3 |       0 |   0.0 |       1 |       0 |   0.0
            +---------+---------+-------+---------+---------+-------
